 Dungeon Crawl Stone Soup version 0.24.0-35-gdb84b6a5db (webtiles) character file.

Game seed: 4262758586509573716, levelgen mode: deterministic

65429 Flugslaktarn the Severer (level 14, -6/129 HPs)
             Began as a Minotaur Monk on Nov 17, 2019.
             Was the Champion of Cheibriados.
             Mangled by a seven-headed hydra (9 damage)
             ... on level 4 of the Swamp.
             The game lasted 00:15:24 (22715 turns).

Flugslaktarn the Severer (Minotaur Monk)           Turns: 22715, Time: 00:15:24

Health: -6/129     AC: 22    Str: 35    XL:     14   Next: 75%
Magic:  19/29      EV: 11    Int: 22    God:    Cheibriados [******]
Gold:   761        SH: 20    Dex: 29    Spells: 13/13 levels left

rFire    . . .     SeeInvis .   t - +8 broad axe (elec)
rCold    . . .     Gourm    .   l - +2 shield {AC+3}
rNeg     . . .     Faith    .   I - +0 plate armour
rPois    .         Spirit   .   (helmet restricted)
rElec    .         Reflect  +   i - scarf {cloud immunity}
rCorr    +         Harm     .   E - +0 pair of gloves
MR       +....                  a - +1 pair of boots
Stlth    ..........             m - +2 amulet of reflection
HPRegen  0.31/turn              J - ring of magical power
MPRegen  0.21/turn              k - ring of resist corrosion

@: very slow
A: retaliatory headbutt, horns 2
a: Bend Time, Temporal Distortion, Slouch, Step From Time, Renounce Religion


You were on level 4 of the Swamp.
You worshipped Cheibriados.
Cheibriados was exalted by your worship.
You were not hungry.

You visited 5 branches of the dungeon, and saw 24 of its levels.

You collected 1933 gold pieces.
You spent 1172 gold pieces at shops.

Inventory:

Hand Weapons
 t - a +8 broad axe of electrocution (weapon)
   (You acquired it on level 2 of the Orcish Mines)
Missiles
 y - 6 throwing nets (quivered)
Armour
 a - a +1 pair of boots (worn)
   (You found it on level 3 of the Dungeon)
 i - a scarf of cloud immunity (worn)
   (You found it on level 1 of the Lair of Beasts)
 l - a +2 shield of protection (worn)
   (You bought it in a shop on level 2 of the Orcish Mines)
 E - a +0 pair of gloves (worn)
   (You found it on level 8 of the Dungeon)
 H - a +2 cloak
   (You found it on level 3 of the Dungeon)
 I - a +0 plate armour (worn)
   (You found it on level 9 of the Dungeon)
 O - +0 fire dragon scales
   (You found it on level 6 of the Lair of Beasts)
Jewellery
 k - a ring of resist corrosion (right hand)
   (You found it on level 2 of the Lair of Beasts)
 m - a +2 amulet of reflection (around neck)
   (You found it on level 1 of the Dungeon)
 x - an uncursed ring of ice
   (You found it on level 3 of the Dungeon)
 J - a ring of magical power (left hand)
   (You found it on level 10 of the Dungeon)
Wands
 v - a wand of digging (11)
   (You found it on level 10 of the Dungeon)
 F - a wand of enslavement (12)
   (You found it on level 8 of the Dungeon)
 G - a wand of acid (32)
   (You took it off Pikel on level 9 of the Dungeon)
 M - a wand of iceblast (7)
   (You found it on level 3 of the Lair of Beasts)
Scrolls
 f - a scroll of enchant armour
 g - 2 scrolls of fear
 j - a scroll of immolation
 r - 17 scrolls of identify
 z - 3 scrolls of blinking
 A - 5 scrolls of magic mapping
 B - a scroll of silence
 C - 4 scrolls of fog
 D - 10 scrolls of teleportation
 K - 7 scrolls of remove curse
Potions
 b - 2 potions of lignification
 c - 2 potions of ambrosia
 d - a potion of might
 h - 4 potions of haste
 n - a potion of resistance
 o - 2 potions of berserk rage
 p - a potion of invisibility
 q - 7 potions of curing
 s - a potion of agility
 u - a potion of mutation
 L - 3 potions of flight
Comestibles
 e - 34 rations


   Skills:
 + Level 13.6 Fighting
 - Level 18.0 Axes
 + Level 12.6 Armour
 - Level 3.2 Dodging
 - Level 1.5 Stealth
 + Level 11.8 Shields
 + Level 10.5 Invocations


You had 13 spell levels left.
You didn't know any spells.
Your spell library was empty.

Dungeon Overview and Level Annotations

Branches:
Dungeon (11/15)            Temple (1/1) D:5            Lair (6/6) D:11
  Swamp (4/4) Lair:2       Spider (0/4) Lair:4        Slime (0/5) Lair:6
    Orc (2/2) D:10            Elf (0/3) Orc:2

Altars:
Ashenzari
Cheibriados
Dithmenos
Elyvilon
Fedhas
Gozag
Hepliaklqana
Kikubaaqudgha
Makhleb
Nemelex Xobeh
Okawaru
Qazlal
Ru
Sif Muna
Trog
Uskayaw
Vehumet
Wu Jian
Xom
Yredelemnul
Zin
The Shining One

Shops:
D:6 ?   D:7 ?}%[   D:11 ?   Orc:2 =?=[

Portals:
Trove: D:11 (show abyssal rune of Zot)

Annotations:
Lair:5 exclusion: 3 oklob plants
Lair:6 exclusion: 3 oklob plants


Innate Abilities, Weirdness & Mutations

You reflexively headbutt those who attack you in melee.
You have a pair of horns on your head.


Message History

The swamp drake breathes noxious fumes at you.
Unknown command.
The swamp drake breathes noxious fumes at you.
The noxious blast engulfs you but does no damage.
The swamp drake breathes noxious fumes at you.
The noxious blast misses you.
There is a stone staircase leading up, spattered with blood here.
You block the seven-headed hydra's attack.
The seven-headed hydra bites you but does no damage.
You block the seven-headed hydra's attack.
The seven-headed hydra barely misses you.
The seven-headed hydra bites you.
* * * LOW HITPOINT WARNING * * *
The seven-headed hydra bites you but does no damage. x2
The swamp drake barely misses you. You furiously retaliate!
You headbutt the swamp drake!
You block the seven-headed hydra's attack.
The seven-headed hydra bites you but does no damage.
The seven-headed hydra bites you!
You die...

≈ .D ##♣≈≈≈≈$.
≈. .##≈..≈.≈≈.
... .≈.≈≈≈≈≈.♣
≈≈.. ♣≈.k≈≈≈.♣
≈≈≈≈.♣♣♣.≈≈≈≈.≈♣
≈≈≈≈≈.).≈≈≈≈.≈♣♣
≈≈≈≈..[≈≈≈≈§/♣♣
♣≈...≈.k.kD°.♣♣
......≈♣♣°@D°≈♣
≈≈≈♣≈.♣ ♣°D°.≈♣
≈≈.≈♣♣
♣≈≈≈§≈≈.≈≈ ≈≈..
♣..≈≈≈.≈♣♣ ≈≈.
♣♣≈....♣♣ ♣♣
♣♣♣♣♣♣♣


You could see 2 seven-headed hydras, a swamp dragon and 3 swamp drakes.

Vanquished Creatures
  Bai Suzhen (Swamp:3)
  2 orc warlords
  A fire dragon (Lair:6)
  Snorg (D:10)
  Erolcha (D:10)
  Harold (D:10)
  7 hydras
  A ghost crab (Swamp:3)
  A catoblepas (Lair:5)
  A shambling mangrove (Swamp:2)
  2 ogre magi
  5 two-headed ogres (Orc:1)
  An orc high priest (Orc:2)
  2 alligators
  3 swamp dragons
  A lindwurm (Lair:6)
  Pikel (D:9)
  An ugly thing (D:11)
  A cyclops (Orc:2)
  6 orc sorcerers
  6 black mambas
  A torpor snail (Lair:6)
  2 molten gargoyles (Lair:6)
  Psyche (D:10)
  5 spiny frogs
  2 centaur skeletons (D:10)
  2 rime drakes (Lair:4)
  A kobold demonologist (D:11)
  10 komodo dragons
  3 hornets
  A queen bee (D:9)
  2 trolls
  5 slime creatures (Swamp:2)
  9 blink frogs
  7 dream sheep (Lair:6)
  4 bog bodies
  5 hippogriffs
  3 spriggans
  A shadow (Swamp:2)
  3 wyverns
  13 yaks
  5 basilisks
  11 vampire mosquitoes
  A steam dragon (Lair:6)
  A hungry ghost (D:11)
  5 wargs
  9 swamp worms
  11 water moccasins
  3 hell hounds (Lair:6)
  A black bear (D:8)
  28 orc warriors
  4 porcupines
  2 slaves (D:9)
  2 ice beasts
  6 swamp drakes
  3 sky beasts
  4 phantoms
  An eye of draining (D:11)
  2 necrophages
  14 ogres
  3 centaurs
  5 wolves (Lair:6)
  10 crocodiles
  3 big kobolds
  23 bullfrogs
  A wyvern zombie (D:10)
  A water moccasin skeleton (D:7)
  6 scorpions
  26 killer bees
  4 wights (D:7)
  3 howler monkeys
  4 crimson imps
  5 lava snakes (Lair:6)
  2 quasits
  5 hounds
  3 jellies
  32 orc wizards
  27 orc priests
  4 bullfrog skeletons
  Terence (D:2)
  3 iguanas
  8 worker ants
  2 worker ant zombies
  A howler monkey skeleton (D:6)
  15 adders
  10 gnolls
  5 shadow imps
  An adder skeleton (D:4)
  A worm (D:3)
  4 leopard geckos
  94 orcs
  A ball python (D:4)
  5 bats
  7 giant cockroaches
  4 goblins
  5 hobgoblins
  10 jackals
  4 quokkas
  7 frilled lizards
  18 kobolds
  A leopard gecko skeleton (D:7)
  A quokka skeleton (D:4)
  A quokka zombie (D:6)
  5 rats
  2 briar patches (Swamp:4)
  A butterfly (Lair:1)
  2 fungi (Lair:6)
  A plant (Lair:6)
626 creatures vanquished.

Vanquished Creatures (others)
  A spriggan druid (Swamp:4)
  An orc warrior (Orc:2)
  An ogre (D:6)
  A centaur (D:10)
  A jelly (D:6)
  An orc wizard (D:6)
  2 worker ants (D:6)
  An adder (D:6)
  An orc (D:6)
  8 briar patches (Swamp:4)
  7 fungi
  5 plants
30 creatures vanquished.

Grand Total: 656 creatures vanquished

Notes
Turn   | Place    | Note
-------+----------+-------------------------------------------
     0 | D:1      | Flugslaktarn the Minotaur Monk began the quest for the Orb.
     0 | D:1      | Reached XP level 1. HP: 19/19 MP: 0/0
   265 | D:1      | Reached skill level 4 in Axes
   347 | D:1      | Reached XP level 2. HP: 27/27 MP: 1/1
  1215 | D:2      | Reached XP level 3. HP: 33/33 MP: 2/2
  1286 | D:2      | Noticed Terence
  1299 | D:2      | Killed Terence
  1299 | D:2      | Reached skill level 5 in Axes
  1512 | D:2      | Reached XP level 4. HP: 28/41 MP: 3/3
  1887 | D:3      | Reached skill level 6 in Axes
  2179 | D:3      | Reached XP level 5. HP: 46/47 MP: 4/4
  2292 | D:3      | Reached skill level 5 in Fighting
  2660 | D:4      | Reached skill level 1 in Armour
  2669 | D:4      | Reached XP level 6. HP: 47/56 MP: 5/5
  2675 | D:4      | Reached skill level 7 in Axes
  3208 | D:4      | Reached XP level 7. HP: 59/63 MP: 6/6
  3342 | D:4      | Reached skill level 8 in Axes
  3557 | D:5      | Entered Level 5 of the Dungeon
  3749 | D:5      | Found a staircase to the Ecumenical Temple.
  3757 | Temple   | Entered the Ecumenical Temple
  3892 | Temple   | Became a worshipper of Cheibriados the Contemplative
  3892 | Temple   | Reached * piety under Cheibriados
  3892 | Temple   | Reached ** piety under Cheibriados
  4202 | D:6      | Reached skill level 1 in Invocations
  4331 | D:6      | Found Lapriam's Magic Scroll Boutique.
  4339 | D:6      | Bought a scroll of magic mapping for 38 gold pieces
  4339 | D:6      | Bought a scroll of identify for 22 gold pieces
  4449 | D:6      | Reached XP level 8. HP: 68/71 MP: 8/8
  4450 | D:6      | Reached skill level 9 in Axes
  4984 | D:6      | Found an opulent altar of Gozag.
  4999 | D:6      | Found a shimmering altar of Xom.
  5144 | D:6      | Reached *** piety under Cheibriados
  5262 | D:7      | Found Tajeab's Gadget Shoppe.
  5266 | D:7      | Reached skill level 5 in Armour
  5274 | D:7      | Reached skill level 10 in Axes
  5274 | D:7      | Reached skill level 1 in Shields
  5301 | D:7      | Reached XP level 9. HP: 8/80 MP: 6/10
  5844 | D:7      | Reached **** piety under Cheibriados
  5867 | D:7      | Found Saefuafo's Food Shoppe.
  5973 | D:7      | Found Sorexus's Armour Boutique.
  6081 | D:7      | Reached skill level 11 in Axes
  6421 | D:7      | Found Geno's Magic Scroll Shop.
  6493 | D:7      | Bought a scroll of teleportation for 42 gold pieces
  6493 | D:7      | Bought a scroll of enchant armour for 105 gold pieces
  6493 | D:7      | Bought a scroll of fear for 49 gold pieces
  6845 | D:8      | Reached ***** piety under Cheibriados
  7029 | D:8      | Reached XP level 10. HP: 90/90 MP: 12/12
  7317 | D:9      | Found an opulent altar of Gozag.
  7428 | D:9      | Reached skill level 5 in Invocations
  7431 | D:9      | Reached skill level 12 in Axes
  7431 | D:9      | Reached skill level 5 in Shields
  8190 | D:9      | Noticed Pikel
  8208 | D:9      | Killed Pikel
  8831 | D:10     | Entered Level 10 of the Dungeon
  8836 | D:10     | Noticed Harold
  8851 | D:10     | Killed Harold
  8851 | D:10     | Reached skill level 13 in Axes
  8851 | D:10     | Reached XP level 11. HP: 91/99 MP: 10/14
  8854 | D:10     | Found a staircase to the Orcish Mines.
  8959 | D:10     | Noticed Snorg
  8976 | D:10     | Killed Snorg
  8976 | D:10     | Reached skill level 10 in Fighting
  9340 | D:10     | Noticed Psyche
  9352 | D:10     | Killed Psyche
  9470 | D:10     | Noticed Erolcha
  9479 | D:10     | Killed Erolcha
  9923 | Orc:1    | Entered Level 1 of the Orcish Mines
  9923 | Orc:1    | Noticed an orc warlord
  9923 | Orc:1    | Noticed an orc sorcerer
  9930 | Orc:1    | Killed an orc sorcerer
  9945 | Orc:1    | Killed an orc warlord
  9945 | Orc:1    | Reached skill level 14 in Axes
 10057 | Orc:1    | Noticed a two-headed ogre
 10057 | Orc:1    | Noticed a two-headed ogre
 10058 | Orc:1    | Noticed an ogre mage
 10058 | Orc:1    | Noticed a two-headed ogre
 10058 | Orc:1    | Noticed a two-headed ogre
 10059 | Orc:1    | Noticed a two-headed ogre
 10064 | Orc:1    | Killed a two-headed ogre
 10067 | Orc:1    | Killed a two-headed ogre
 10068 | Orc:1    | Killed a two-headed ogre
 10070 | Orc:1    | Killed a two-headed ogre
 10070 | Orc:1    | Reached XP level 12. HP: 51/108 MP: 10/16
 10073 | Orc:1    | Killed an ogre mage
 10073 | Orc:1    | Killed a two-headed ogre
 10381 | Orc:2    | Entered Level 2 of the Orcish Mines
 10697 | Orc:2    | Found a staircase to the Elven Halls.
 10827 | Orc:2    | Noticed an orc warlord
 10844 | Orc:2    | Killed an orc warlord
 10844 | Orc:2    | Reached skill level 15 in Axes
 10844 | Orc:2    | Reached skill level 10 in Armour
 11557 | Orc:2    | Paralysed by an orc sorcerer for 7 turns
 11568 | Orc:2    | Noticed an orc high priest
 11572 | Orc:2    | Found Hoalesod's Antique Armour Shop.
 11572 | Orc:2    | Paralysed by an orc sorcerer for 2 turns
 11583 | Orc:2    | Killed an orc high priest
 11587 | Orc:2    | Found Amahes's Magic Scroll Boutique.
 11851 | Orc:2    | Found Hefuiqidgh's Jewellery Boutique.
 11874 | Orc:2    | Found Yshereal's Jewellery Shop.
 12101 | Orc:2    | Bought a scroll of acquirement for 676 gold pieces
 12110 | Orc:2    | Bought a glowing shield for 240 gold pieces
 12280 | D:11     | Found a portal to a secret trove of treasure.
 12449 | D:11     | Found a staircase to the Lair.
 13050 | D:11     | Found Useam's Magic Scroll Boutique.
 13081 | D:11     | Noticed an ogre mage
 13086 | D:11     | Killed an ogre mage
 13086 | D:11     | Reached XP level 13. HP: 95/117 MP: 18/18
 13410 | Lair:1   | Entered Level 1 of the Lair of Beasts
 13453 | Lair:1   | Found a shimmering altar of Xom.
 14436 | Lair:2   | Found a staircase to the Swamp.
 14912 | Lair:2   | Reached ****** piety under Cheibriados
 14912 | Lair:2   | Reached skill level 16 in Axes
 15249 | Lair:3   | Reached skill level 10 in Shields
 16432 | Lair:4   | Found a hole to the Spider Nest.
 17492 | Lair:6   | Entered Level 6 of the Lair of Beasts
 17819 | Lair:6   | Found a staircase to the Slime Pits.
 18378 | Lair:6   | Reached skill level 17 in Axes
 18434 | Lair:6   | Found a large runed translucent door.
 18638 | Lair:6   | Reached XP level 14. HP: 102/127 MP: 20/20
 18812 | Lair:6   | Found a large runed translucent door.
 19842 | Swamp:1  | Entered Level 1 of the Swamp
 19842 | Swamp:1  | Noticed a white very ugly thing
 20679 | Swamp:2  | Reached skill level 10 in Invocations
 21526 | Swamp:3  | Noticed Bai Suzhen
 21540 | Swamp:3  | Killed Bai Suzhen
 21897 | Swamp:4  | Entered Level 4 of the Swamp
 21912 | Swamp:4  | Reached skill level 18 in Axes
 21916 | Swamp:4  | Noticed a thorn hunter
 22286 | Swamp:4  | Noticed a thorn hunter
 22287 | Swamp:4  | HP: 1/129 [thorn hunter/volley of thorns (20)]
 22712 | Swamp:4  | HP: 4/129 [seven-headed hydra (3)]
 22715 | Swamp:4  | Mangled by a seven-headed hydra

Levels and vault maps discovered:
D:1:      grunt_arrival_lava_bath, layout_loops_ring, minmay_box_of_dots
D:2:      layout_basic, uniq_terence
D:3:      layout_rooms
D:4:      layout_loops_ring, first_ration, minmay_misc_feat_tower, dk_vineyard_1
D:5:      layout_rooms, minmay_temple_entry_butterflies, dk_noncrumbling_3
D:6:      layout_loops_corners, xom_confusion_cloud, serial_shops,
          nicolae_shop_waterfront, basic_altar
D:7:      layout_gridville, serial_shops, nicolae_shop_waterfront,
          kennysheep_little_box, shop, nicolae_shop_trees
D:8:      layout_basic, serial_park_tiny_2
D:9:      layout_roguey [special_room_orc],
          nicolae_gozag_cash_rules_everything_around_me, special_room
          [special_room_bee], uniq_pikel
D:10:     layout_big_octagon, david_orc_2, uniq_erolcha, uniq_harold,
          uniq_snorg, uniq_psyche
D:11:     layout_basic, erik_lair_orcish_takeover, serial_shops,
          nicolae_shop_waterfront, nicolae_trove_entry_crystal, grunt_pizzeria,
          minmay_librarian
Temple:   regret_index_temple_chain_breaker
Lair:1:   layout_hall_layers, serial_rivers, chequers_serial_rivers_micro_e,
          chequers_serial_rivers_micro_c, chequers_serial_rivers_marsh,
          chequers_serial_rivers_micro_e, basic_altar, grunt_megastairs_3,
          lemuel_fruit_fields
Lair:2:   layout_small_grid, swamp_mist_pool, grunt_megastairs_1
Lair:3:   layout_chaotic_city, st_stairs_4
Lair:4:   layout_hall_layers, dummy_spider_entry, gauntlet_entry_generic,
          grunt_megastairs_5
Lair:5:   layout_regular_city, infiniplex_staircase_pool_2, grunt_megastairs_4,
          minmay_lair_oklob_chamber
Lair:6:   cheibrodos_lair_end_hotspot, layout_loops_ring,
          minmay_slime_entry_oklob_open
Swamp:1:  layout_basic_swamp, evilmike_swamp_ruin_house_2
Swamp:2:  layout_falls_marsh, serial_swamp_ruin, evilmike_swamp_ruin_house_4,
          hangedman_swamp_ruin_wall
Swamp:3:  layout_basic_swamp, evilmike_swamp_ruin_rubble_1, swamp_pool2,
          uniq_bai_suzhen
Swamp:4:  swamp, layout_basic_swamp, gammafunk_ghost_hydra_chop,
          infiniplex_staircase_pool
Orc:1:    layout_caves
Orc:2:    st_orc_mages, layout_diamond_mine

Skill      XL: |  1  2  3  4  5  6  7  8  9 10 11 12 13 14 |
---------------+-------------------------------------------+-----
Axes           | 4 5 6 7 8 10 11 13 14 15 17 18 | 18.0
Fighting       | 4 5 6 7 8 9 10 11 12 13 | 13.6
Armour         | 1 2 4 5 6 8 9 10 11 12 | 12.6
Invocations    | 1 3 4 6 7 8 9 10 | 10.5
Shields        | 2 4 6 8 9 10 11 | 11.8
Dodging        | |  3.2
Stealth        | |  1.5

Action                   |  1- 3 |  4- 6 |  7- 9 | 10-12 | 13-15 || total
-------------------------+-------+-------+-------+-------+-------++-------
Melee: Hand axe          |    80 |    49 |       |       |       ||   129
       Headbutt          |    10 |    17 |    76 |   136 |   136 ||   375
       War axe           |       |    93 |   235 |   330 |       ||   658
       Broad axe         |       |       |       |    61 |   428 ||   489
Invok: Bend Time         |       |       |     1 |     3 |     3 ||     7
       Slouch            |       |       |       |    12 |     1 ||    13
       Step From Time    |       |       |       |       |     2 ||     2
Evoke: Wand              |       |       |       |     1 |     1 ||     2
  Use: Scroll            |       |       |    18 |     5 |    11 ||    34
       Potion            |       |       |     2 |     2 |     6 ||    10
 Stab: Sleeping          |     4 |       |       |       |       ||     4
  Eat: Chunk             |     2 |     5 |     7 |    11 |     4 ||    29
       Ration            |       |       |       |     1 |     4 ||     5
Armor: Robe              |    13 |     4 |       |       |       ||    17
       Chain mail        |       |    62 |   125 |    41 |       ||   228
       Plate armour      |       |       |       |   111 |   268 ||   379
Dodge: Dodged            |    46 |    63 |    62 |   126 |   145 ||   442
Block: Shield            |       |       |   101 |   307 |   410 ||   818
       Reflection        |       |       |       |    20 |    10 ||    30
